 Dungeon Crawl Stone Soup version 0.28.0-53-g5a82cb258f (webtiles) character file.

Game seed: 17087139876465305797

238 Sin92 the Skirmisher (level 5, -5/42 HPs)
             Began as a Demonspawn Fighter on Aug 3, 2022.
             Slain by a worm (9 damage)
             ... on level 4 of the Dungeon on Aug 4, 2022.
             The game lasted 00:06:17 (3280 turns).

Sin92 the Skirmisher (Demonspawn Fighter)           Turns: 3280, Time: 00:06:17

Health: -5/42      AC:  9    Str: 18    XL:     5   Next: 78%
Magic:  5/5        EV:  9    Int:  9    God:
Gold:   152        SH:  5    Dex: 15    Spells: 4/4 levels left

rFire   . . .      SeeInvis .   a - +0 war axe
rCold   . . .      Faith    .   c - +0 buckler
rNeg    . . .      Spirit   .   b - +0 scale mail
rPois   .          Reflect  .   (no helmet)
rElec   .          Harm     .   p - +0 cloak
rCorr   .          Rampage  .   (no gloves)
Will    .....                   h - +0 pair of boots
Stlth   +.........              (no amulet)
HPRegen 0.14/turn               (no ring)
MPRegen 0.09/turn               (no ring)

@: very slow
A: thin skeletal structure 1, weakness stinger 1
a: no special abilities


You were on level 4 of the Dungeon.
You visited 1 branch of the dungeon, and saw 4 of its levels.

You collected 152 gold pieces.

Inventory:

Hand Weapons
 a - a +0 war axe (weapon)
Armour
 b - a +0 scale mail (worn)
 c - a +0 buckler (worn)
 h - a +0 pair of boots (worn)
 p - a +0 cloak (worn)
Jewellery
 n - a +4 ring of protection
Scrolls
 e - 3 scrolls of teleportation {unknown}
 g - a scroll of enchant armour {unknown}
 j - a scroll of immolation {unknown}
 l - a scroll of identify {unknown}
 m - a scroll of noise {unknown}
Potions
 d - a potion of might
 f - a potion of curing {unknown}
 i - a potion of magic {unknown}
 k - a potion of lignification {unknown}
 o - a potion of haste {unknown}


   Skills:
 + Level 3.8 Fighting
 * Level 3.6 Axes
 + Level 3.5 Armour
 + Level 0.9 Dodging
 + Level 3.5 Shields


You had 4 spell levels left.
You didn't know any spells.
Your spell library contained the following spells:

 Spells                   Type           Power      Damage    Failure   Level
 Animate Skeleton         Necr           0%         N/A       86%         1
 Apportation              Tloc           0%         N/A       86%         1
 Pain                     Necr           0%         1d4       86%         1
 Vampiric Draining        Necr           0%         2d6       99%         3
 Alistair's Intoxication  Tmut/Pois      0%         N/A       100%        5


Dungeon Overview and Level Annotations

Branches:
Dungeon (4/15)
 Temple: D:4-7

Altars:
Ru

Shops:
D:2 *

Annotations:
D:4 1 runed translucent door


Innate Abilities, Weirdness & Mutations

You have a somewhat thin skeletal structure. (Dex +2, Stealth+)
You have a small tail.


Message History

The hound bites you but does no damage. The hound closely misses you.
You barely miss the hound.
The hound is severely wounded.
The hound bites you but does no damage. x2
You hit the hound.
You kill the hound!
The giant cockroach bites you.
You hit the giant cockroach.
The giant cockroach is heavily wounded.
The giant cockroach bites you but does no damage.
You block the giant cockroach's attack.
You slash the giant cockroach!
You kill the giant cockroach!
The adder bites you.
* * * LOW HITPOINT WARNING * * *
You are poisoned.
The adder poisons you!
You miss the adder.
You feel sick. You block the adder's attack. x2
You slash the adder!
You kill the adder!
You feel sick.
You feel sick.
You feel sick.
You feel sick.
You are no longer poisoned.
You enter the shallow water.
Moving in this stuff is going to be slow.
You enter the shallow water.
Moving in this stuff is going to be slow.
You enter the shallow water.
Moving in this stuff is going to be slow.
A worm comes into view.
You hear the rusting of a drain.
You slash the worm!
The worm is heavily wounded.
The worm bites you.
* * * LOW HITPOINT WARNING * * *
Your unstable footing causes you to fumble your attack.
The worm bites you!
You die...

+.# #.# #. ###. #..##
######### #...#
##≈≈.≈≈≈≈##
##...###########@#######.#
...............#w# #.#
###............#≈# #.#
##..########.#≈# #≈#
##..## ###.# #≈# ##..##
#.# #≈# ##..## #≈# #≈#
#...# ##. ##≈# ##..##
#######.##


You could see a worm.

Vanquished Creatures
  2 hounds (D:4)
  Crazy Yiuf (D:3)
  An orc priest (D:3)
  An iguana (D:4)
  3 adders
  A worm (D:2)
  A dart slug (D:3)
  3 orcs (D:3)
  6 ball pythons
  3 endoplasms
  5 giant cockroaches
  5 goblins
  4 hobgoblins
  2 jackals (D:3)
  4 quokkas
  4 bats
  5 frilled lizards
  7 kobolds
  6 rats
64 creatures vanquished.

Notes
Turn   | Place    | Note
-------+----------+-------------------------------------------
     0 | D:1      | Sin92 the Demonspawn Fighter began the quest for the Orb.
     0 | D:1      | Reached XP level 1. HP: 18/18 MP: 1/1
   163 | D:1      | Gained mutation: You have a small tail. [demonic ancestry]
   163 | D:1      | Reached XP level 2. HP: 24/24 MP: 2/2
   808 | D:2      | Reached XP level 3. HP: 22/29 MP: 3/3
   919 | D:2      | Found a faded altar of an unknown god.
  1086 | D:2      | Found Jaebbathe's General Store.
  1331 | D:2      | You fall into a shaft and drop 1 floor!
  1721 | D:3      | Found a sacrificial altar of Ru.
  1787 | D:3      | Gained mutation: You have a somewhat thin skeletal
                  | structure. (Dex +2, Stealth+) [demonic ancestry]
  1787 | D:3      | Reached XP level 4. HP: 13/35 MP: 4/4
  2551 | D:3      | Found a runed translucent door.
  2552 | D:3      | Noticed Crazy Yiuf
  2728 | D:3      | Killed Crazy Yiuf
  2729 | D:3      | Reached XP level 5. HP: 11/41 MP: 5/5
  3171 | D:4      | Found a runed translucent gate.
  3280 | D:4      | Slain by a worm

Illustrated notes

Levels and vault maps discovered:
D:1:      ncdulo_halloftheorcs, layout_rooms, nicolae_figureground_pulse
D:2:      layout_loops_ring, basic_ecumenical_altar, serial_shops,
          nicolae_shop_behind_doors
D:3:      layout_basic, nicolae_ru_sacrificial_ziggurat, serial_rivers,
          chequers_serial_rivers_small_3, chequers_serial_rivers_large_b,
          chequers_serial_rivers_micro_a, chequers_serial_rivers_marsh,
          chequers_serial_rivers_micro_a, uniq_crazy_yiuf_cottage
D:4:      layout_cave_pods, temple_statues, gup_sewer_entry_spiral,
          gammafunk_ghost_nasty_kobolds, uniq_duvessa, uniq_edmund

Skill      XL: |  1  2  3 |
---------------+----------+-----
Axes           | 2 3 |  3.6
Shields        | 3 |  3.5
Armour         | 3 |  3.5
Fighting       | |  3.8
Dodging        | |  0.9

Action                   |  1- 3 |  4- 6 || total
-------------------------+-------+-------++-------
Melee: War axe           |   108 |    58 ||   166
       Tailslap          |     7 |     8 ||    15
  Use: Scroll            |     1 |     1 ||     2
Armor: Scale mail        |    58 |    19 ||    77
Dodge: Dodged            |    50 |    29 ||    79
Block: Buckler           |    25 |    13 ||    38
